Map: Whispers of Gold

Players

BattleB

  • Race: Terran Terran
  • League: Grandmaster
  • Spawn Location: 9:00

Lambo - Winner!

  • Race: Zerg Zerg
  • Spawn Location: 5:00

Event: HomeStory Cup XXVI

VOD

Have the link to the VOD?

Description

Time

  • Played on: Nov. 29, 2024, 6:20 a.m.
  • Length: 17:05

All games in this series

Show
View Real Time Build Order
Export as new Build Order

BattleB Terran 

Build Orders: Reaper Expand 

Get SALT Encoding   

  12  0:00  SCV  
  13  0:12  SCV  
  14  0:17  Supply Depot  
  14  0:24  SCV  
  15  0:38  SCV  
  15  0:40  Barracks  
  16  0:45  Refinery  
  16  0:50  SCV  
  17  1:03  SCV  
  18  1:15  SCV  
  19  1:27  Orbital Command  
  19  1:28  Reaper  
  20  1:41  Command Center  
  20  1:49  Supply Depot  
  20  1:53  SCV  
  21  1:59  Marine  
  22  2:05  SCV  
  23  2:12  Factory  
  23  2:17  SCV  
  23  2:22  Barracks Reactor  
  24  2:29  SCV  
  25  2:43  SCV, Command Center  
  26  2:53  Orbital Command  
  26  2:57  SCV  
  27  3:04  Barracks  
  27  3:09  SCV  
  28  3:14  Hellion  
  28  3:15  Barracks Tech Lab, Hellion  
  28  3:19  SCV  
  33  3:21  SCV  
  34  3:27  Refinery  
  34  3:31  SCV  
  34  3:33  SCV  
  36  3:35  Marine, Stimpack  
  36  3:38  Hellion  
  36  3:40  Hellion  
  41  3:43  SCV  
  41  3:45  SCV  
  43  3:53  Marine  
  44  3:55  Orbital Command  
  44  3:57  SCV x2  
  46  4:04  Marine x2, Starport  
  46  4:09  Factory Reactor  
  48  4:10  SCV x2  
  48  4:11  Marine  
  51  4:17  Supply Depot  
  51  4:22  SCV x3  
  51  4:23  Marine x2  
  56  4:28  Marine  
  57  4:33  Supply Depot  
  57  4:34  SCV x2  
  57  4:35  SCV  
  60  4:41  Marine x2  
  62  4:46  Marine  
  62  4:47  SCV x2, Refinery  
  62  4:48  Refinery  
  62  4:51  Orbital Command, Medivac  
  62  4:52  Medivac  
  69  4:55  Supply Depot, Factory Tech Lab  
  69  4:57  Supply Depot  
  69  4:59  Marine x2  
  71  5:02  SCV x2  
  71  5:04  Marine  
  74  5:10  Engineering Bay x2  
  74  5:16  SCV  
  74  5:17  SCV  
  74  5:18  SCV  
  74  5:19  Supply Depot, Marine x2  
  74  5:20  Siege Tank  
  82  5:23  Marine  
  82  5:25  Combat Shield  
  83  5:31  SCV x2  
  83  5:32  Starport Reactor  
  83  5:33  SCV  
  83  5:34  Barracks  
  86  5:42  Barracks  
  86  5:43  SCV  
  86  5:44  Barracks  
  86  5:45  Terran Infantry Weapons Level 1  
  86  5:46  SCV  
  86  5:49  SCV  
  89  5:51  Marine  
  89  5:52  Marine x2  
  89  5:56  Siege Tank  
  95  5:59  SCV x2  
  95  6:01  Terran Infantry Armor Level 1  
  95  6:02  Supply Depot  
  97  6:07  SCV  
  97  6:09  Medivac  
  100  6:12  Supply Depot, SCV  
  100  6:15  Supply Depot  
  101  6:24  SCV, Marine x5, Medivac  
  109  6:26  Supply Depot  
  109  6:28  Armory  
  109  6:32  Barracks Reactor  
  109  6:33  SCV x2, Barracks Reactor  
  108  6:41  Marine x3  
  108  6:42  Siege Tank  
  114  6:47  Marine x2  
  114  6:48  Refinery  
  114  6:50  Factory  
  116  6:56  Supply Depot, Medivac  
  116  6:57  Supply Depot  
  116  6:59  Marine x3  
  121  7:05  Marine x2  
  123  7:10  SCV x2  
  123  7:11  SCV  
  123  7:13  Marine  
  123  7:14  Supply Depot  
  127  7:15  Marine  
  127  7:16  Marine  
  127  7:17  Marine x3  
  127  7:21  Supply Depot, Marine  
  133  7:23  Marine x2  
  135  7:31  Marine  
  135  7:33  Marine  
  135  7:34  Marine, Factory Reactor  
  135  7:35  Marine x3  
  141  7:39  Marine  
  141  7:40  Marine, Widow Mine  
  141  7:41  Marine  
  145  7:47  Command Center  
  145  7:49  Marine  
  145  7:51  Marine, Medivac x2  
  136  7:52  Marine  
  136  7:53  Marine x3  
  145  7:59  Terran Infantry Armor Level 2, Terran Infantry Weapons Level 2  
  145  8:03  Marine x2  
  145  8:04  Marine  
  148  8:07  Marine  
  148  8:11  Terran Vehicle And Ship Armor Level 1, Marine  
  141  8:13  Marine  
  141  8:14  Widow Mine  
  141  8:15  Widow Mine x2  
  141  8:16  Marine x2  
  141  8:17  Marine  
  137  8:21  Marine  
  137  8:25  Liberator x2, Marine  
  137  8:26  Marine  
  146  8:29  Marine x2  
  148  8:36  Marine  
  148  8:37  Widow Mine x2  
  148  8:38  Widow Mine  
  148  8:41  Marine, Barracks  
  156  8:43  Barracks  
  156  8:45  Marine  
  156  8:46  Marine, Barracks  
  156  8:47  Marine x3  
  161  8:52  Marine  
  161  8:54  Marine  
  161  8:55  Marine  
  144  8:59  Marine  
  128  9:03  Marine  
  128  9:04  SCV, Marine x2  
  128  9:05  Marine x2  
  128  9:06  Widow Mine x3  
  128  9:08  SCV  
  128  9:09  Marine  
  139  9:11  Liberator  
  139  9:12  Marine  
  139  9:13  Marine  
  139  9:17  Liberator, Marine  
  145  9:21  Marine  
  145  9:23  SCV x2  
  152  9:24  Marine x3  
  152  9:25  Marine  
  152  9:28  Marine  
  152  9:29  Marine  
  152  9:30  Marine  
  152  9:31  Marine x2  
  159  9:35  Marine  
  159  9:38  Marine  
  147  9:40  Marine, Widow Mine x3  
  147  9:44  Marine  
  147  9:45  Marine  
  135  9:46  Planetary Fortress  
  135  9:47  SCV, Marine  
  135  9:49  Marine  
  135  9:50  Marine x2  
  135  9:52  Marine  
  126  9:53  Marine  
  126  9:54  Marine  
  126  9:55  Marine  
  123  10:01  Marine, Widow Mine  
  123  10:03  Widow Mine x2  
  123  10:05  Liberator  
  133  10:09  Liberator  
  133  10:11  Marine  
  133  10:12  Marine  
  138  10:15  Marine  
  138  10:17  Marine  
  140  10:21  Marine  
  140  10:23  SCV  
  140  10:25  SCV  
  140  10:28  Widow Mine x3  
  149  10:29  Marine  
  149  10:31  Marine  
  149  10:32  Marine  
  149  10:33  Marine  
  144  10:36  Terran Infantry Armor Level 3, Terran Infantry Weapons Level 3  
  144  10:37  Marine x3  
  144  10:40  Marine x2  
  144  10:41  Marine x3  
  152  10:48  Medivac  
  152  10:49  Marine  
  155  10:50  Marine  
  155  10:52  Widow Mine x3, Medivac  
  155  10:54  Marine  
  155  10:56  Marine x2  
  167  10:57  Marine x2  
  167  11:00  Barracks Tech Lab  
  167  11:02  Barracks Tech Lab  
  168  11:05  Marine  
  168  11:07  Marine  
  168  11:10  Barracks Tech Lab, Marine x2  
  166  11:12  Marine  
  166  11:13  Widow Mine  
  166  11:14  SCV  
  166  11:15  Marine  
  166  11:17  Marine  
  161  11:20  Widow Mine x2  
  161  11:21  Marine  
  161  11:23  Marine x4  
  161  11:25  Marine  
  150  11:28  Marine x2  
  150  11:30  Medivac  
  150  11:31  Marine x2, Medivac  
  154  11:35  Marine x2  
  154  11:38  Marine, Widow Mine  
  151  11:40  Marine  
  151  11:42  Marine  
  151  11:43  Marine  
  151  11:44  Marine x2  
  155  11:48  Marine  
  155  11:50  Widow Mine x2  
  155  11:52  Terran Vehicle And Ship Armor Level 2  
  157  11:55  Marine x2  
  157  11:59  Widow Mine  
  157  12:01  Marine  
  161  12:02  Command Center  
  161  12:04  Medivac x2  
  161  12:05  Marine  
  161  12:08  Marine  
  156  12:12  Marine  
  156  12:13  Marine  
  158  12:17  Marine  
  158  12:18  Marine  
  158  12:19  Command Center  
  158  12:20  Marine  
  158  12:22  Marine  
  157  12:25  Marine x2, Widow Mine  
  157  12:26  Widow Mine x2  
  157  12:27  Marine  
  157  12:28  SCV  
  162  12:30  SCV, Marine  
  162  12:31  Marine  
  162  12:34  Marauder  
  153  12:40  Marauder  
  153  12:41  Marauder  
  145  12:44  Marauder  
  145  12:45  Liberator x2  
  145  12:49  Marine  
  145  12:50  Marine, Ghost Academy, Widow Mine x3  
  149  12:52  Marine  
  149  12:53  Marine x5  
  149  12:56  Marauder  
  154  13:02  Marauder x2  
  160  13:05  Marauder  
  160  13:07  Marine  
  160  13:08  Marine  
  160  13:11  Supply Depot  
  157  13:14  Supply Depot  
  157  13:15  Supply Depot  
  157  13:16  Supply Depot x2  
  142  13:37  Marine x9, Marauder x2  
  142  13:38  Liberator, Marauder, Widow Mine  
  161  13:55  Marine x8, Marauder  
  156  13:59  Marauder x2  
  156  14:00  Marine  
  156  14:02  Widow Mine  
  126  14:48  Marine x9  
  126  14:49  Marine  
  126  14:50  Marine, Medivac  
  126  14:51  Marine  
  117  15:05  Marine  
  117  15:06  Marine x7, Marauder  
  124  15:07  Marine, Widow Mine  
  124  15:12  Marine  
  116  15:16  Marine  
  112  15:23  Marine  
  112  15:27  Marine  
  114  15:28  Marine  
  114  15:29  Orbital Command, Marine  
  116  15:35  Marine  
  116  15:39  Marine  
  118  15:44  Marine  
  118  15:47  Marine  
  118  15:48  Marine  
  119  15:52  Marine  
  119  15:53  Marine  
  121  15:59  Marine x2  
  121  16:02  Marine  
  124  16:12  Marine  
  124  16:13  Marine  
  124  16:14  Marine  
  124  16:16  Marine  
  120  16:23  Marine  
  120  16:24  Marine  
  120  16:25  Marine x2  
  113  16:31  Marine  
  103  16:38  Marine  
  90  16:40  Marine  
  90  16:41  Marine  
  90  16:43  Marine, Marauder x4  
  90  16:45  Marine x2  
Show
View Real Time Build Order
Export as new Build Order

Lambo Zerg - Winner!

Build Orders: Hatch First 

Get SALT Encoding   

  12  0:00  Drone  
  13  0:09  Drone  
  14  0:15  Drone, Extractor  
  15  0:22  Overlord  
  15  0:40  Drone  
  16  0:46  Hatchery  
  15  0:50  Drone  
  15  0:55  Drone  
  17  0:58  Drone  
  18  1:10  Extractor  
  17  1:13  Spawning Pool  
  17  1:17  Drone  
  17  1:20  Drone  
  18  1:26  Drone  
  19  1:37  Drone  
  20  1:47  Drone  
  21  2:00  Queen x2  
  21  2:01  Zergling x4  
  27  2:10  Drone, Overlord  
  28  2:23  Hatchery  
  27  2:32  Drone x3  
  30  2:40  Drone  
  30  2:43  Queen  
  33  2:49  Overlord  
  33  2:53  Drone x2  
  35  2:59  Metabolic Boost  
  35  3:01  Drone  
  36  3:08  Drone x2  
  38  3:13  Queen  
  38  3:14  Drone  
  38  3:17  Drone  
  38  3:18  Drone  
  43  3:20  Drone  
  43  3:26  Overlord  
  44  3:34  Queen  
  44  3:37  Queen  
  44  3:40  Drone x2  
  50  3:45  Drone  
  50  3:46  Overlord  
  53  3:48  Drone x2  
  53  3:51  Drone x2  
  55  4:00  Queen  
  55  4:01  Drone  
  58  4:03  Overlord  
  58  4:06  Zergling x2  
  58  4:08  Drone x2  
  58  4:09  Drone x2  
  63  4:15  Queen  
  65  4:18  Drone  
  65  4:24  Overlord  
  66  4:25  Zergling x4  
  66  4:26  Drone x3  
  66  4:29  Drone x3  
  74  4:37  Lair  
  74  4:38  Overlord  
  74  4:40  Extractor  
  74  4:41  Drone  
  73  4:46  Drone x4  
  73  4:51  Drone x4  
  81  4:56  Hatchery  
  81  4:57  Baneling Nest  
  81  4:59  Drone x3  
  82  5:02  Evolution Chamber  
  82  5:05  Zergling x2  
  82  5:06  Zergling x2  
  84  5:10  Drone x3, Extractor  
  84  5:11  Extractor  
  86  5:14  Drone x3  
  86  5:20  Spore Crawler, Queen, Overlord  
  89  5:21  Overlord  
  89  5:30  Overlord  
  89  5:34  Overlord x2  
  89  5:37  Overlord  
  89  5:40  Overlord, Evolution Chamber  
  89  5:41  Zergling x8  
  89  5:42  Evolution Chamber  
  91  5:48  Zergling x14  
  98  5:51  Centrifugal Hooks  
  98  5:54  Zergling x4  
  98  5:57  Overlord x2  
  100  5:59  Overlord  
  100  6:05  Zergling x4  
  102  6:12  Drone x3  
  102  6:15  Zerg Melee Weapons Level 1, Zerg Ground Armor Level 1  
  102  6:17  Hatchery  
  104  6:20  Drone  
  104  6:21  Drone x2  
  104  6:23  Zergling x8  
  111  6:27  Zergling x6  
  111  6:28  Baneling x2  
  114  6:33  Zergling x10  
  118  6:41  Zergling x8  
  118  6:46  Hatchery, Drone  
  118  6:47  Drone x3  
  124  6:52  Drone  
  124  6:53  Baneling x10  
  126  6:55  Zergling x2  
  126  6:56  Zergling x4  
  126  6:58  Drone x3  
  132  7:01  Baneling x5  
  132  7:02  Baneling  
  132  7:03  Zergling x4  
  134  7:10  Zergling x6  
  137  7:17  Drone  
  137  7:18  Drone  
  137  7:20  Zergling x2, Infestation Pit  
  137  7:21  Zergling x16  
  147  7:23  Baneling x5  
  147  7:29  Zergling x16  
  149  7:34  Zergling x2  
  149  7:42  Zergling x4  
  151  7:45  Overlord  
  151  7:46  Overlord  
  151  7:48  Overlord x2  
  151  7:51  Overlord  
  151  7:55  Overlord  
  151  7:59  Hive, Overlord  
  151  8:01  Overlord  
  151  8:02  Hatchery  
  151  8:04  Zergling x16  
  158  8:11  Hatchery, Zergling x14  
  152  8:13  Zergling x4  
  152  8:17  Zerg Ground Armor Level 2  
  146  8:21  Zerg Melee Weapons Level 2  
  146  8:23  Zergling x8  
  146  8:25  Baneling x4  
  148  8:28  Zergling x6  
  148  8:33  Zergling x2  
  148  8:34  Zergling x18  
  161  8:36  Zergling x4  
  160  8:44  Hatchery  
  160  8:47  Zergling x2  
  160  8:48  Zergling x12  
  164  8:54  Zergling x12  
  164  8:57  Zergling x8  
  164  8:59  Zergling x2  
  164  9:00  Zergling x2  
  153  9:03  Zergling x8  
  153  9:05  Zergling x4  
  153  9:07  Overseer  
  153  9:08  Pneumatized Carapace  
  149  9:10  Zergling x6  
  149  9:11  Baneling  
  149  9:15  Zergling x10  
  156  9:19  Zergling x2  
  156  9:20  Zergling x6  
  160  9:24  Zergling x12  
  160  9:26  Zergling x2  
  160  9:27  Zergling x2  
  164  9:36  Zergling x22  
  144  9:39  Zergling x2  
  144  9:40  Zergling x4  
  132  9:48  Zergling x10  
  117  9:55  Zergling x14  
  117  9:57  Queen  
  117  9:59  Viper  
  121  10:00  Viper  
  121  10:04  Ultralisk Cavern  
  120  10:10  Adrenal Glands  
  120  10:11  Zergling x16  
  120  10:12  Baneling x3  
  120  10:13  Baneling  
  128  10:16  Zergling x8  
  128  10:17  Baneling  
  128  10:18  Drone  
  128  10:19  Drone  
  134  10:25  Zergling x10  
  131  10:33  Zergling x16  
  130  10:36  Spore Crawler  
  130  10:38  Zergling x8  
  133  10:43  Spore Crawler  
  133  10:44  Zergling x10  
  133  10:45  Baneling x4  
  129  10:58  Zergling x16  
  135  11:04  Baneling x7  
  135  11:06  Zergling x8  
  135  11:11  Zergling x6  
  134  11:15  Queen  
  134  11:16  Queen  
  132  11:22  Zergling x14  
  121  11:31  Chitinous Plating, Ultralisk  
  113  11:35  Ultralisk  
  113  11:47  Ultralisk x2  
  113  11:52  Ultralisk  
  131  11:57  Drone x2  
  130  12:01  Zergling x10  
  130  12:02  Zergling x2  
  133  12:09  Zergling x12  
  133  12:15  Zergling x10  
  134  12:22  Zergling x2  
  134  12:23  Zergling x12  
  137  12:31  Spore Crawler  
  137  12:35  Ultralisk  
  130  12:45  Ultralisk  
  130  12:49  Zergling x16  
  142  12:53  Baneling x2  
  142  12:56  Baneling x8  
  140  13:01  Zergling x10  
  140  13:04  Zergling x4  
  142  13:10  Ultralisk  
  146  13:19  Zergling x14  
  143  13:23  Infestor x2  
  144  13:28  Zergling x6  
  147  13:36  Zergling x6  
  147  13:40  Zergling x4  
  152  13:47  Hatchery  
  152  13:48  Ultralisk  
  151  13:52  Zergling x10  
  156  14:01  Ultralisk  
  135  14:11  Queen x3  
  135  14:16  Zergling x8  
  139  14:17  Baneling  
  139  14:18  Baneling  
  139  14:19  Zergling x2  
  139  14:24  Zergling x8  
  128  14:33  Ultralisk  
  128  14:37  Zergling x10  
  118  14:49  Ultralisk  
  111  15:00  Zergling x22  
  115  15:09  Zergling x6  
  116  15:16  Ultralisk  
  121  15:21  Anabolic Synthesis  
  121  15:24  Zergling x8  
  124  15:34  Infestor  
  126  15:39  Zergling x14  
  131  15:50  Zergling x6  
  131  15:51  Hatchery  
  131  15:56  Zergling x10  
  137  16:03  Drone x3  
  140  16:05  Extractor  
  140  16:12  Ultralisk  
  140  16:16  Zergling x2  
  140  16:17  Zergling x24  
  151  16:28  Zergling x14  
Tags
 
Add a new tag
Caveats
  • Supply blocks, unpowered buildings, or Contaminate may cause inaccurate times.
  • Supply counts are checked every 10 seconds.